 Dungeon Crawl Stone Soup version 0.21-a0-417-g0adc95b (webtiles) character file.

21 lauthentik the Vexing (level 2, 0/19 HPs)
             Began as a Vampire Enchanter on Nov 3, 2017.
             Slain by a hobgoblin
             ... wielding a +0 club
              (5 damage)
             ... on level 2 of the Dungeon.
             The game lasted 00:01:45 (987 turns).

lauthentik the Vexing (Vampire Enchanter)            Turns: 987, Time: 00:01:45

Health: 0/19       AC:  2    Str:  7    XL:     2   Next: 62%
Magic:  2/5        EV: 13    Int: 17    God:
Gold:   49         SH:  0    Dex: 14    Spells: 2/5 levels left

rFire    . . .     SeeInvis +   a - +1 dagger
rCold    + . .     Gourm    .   (no shield)
rNeg     + + .     Faith    .   b - +0 robe
rPois    +         Spirit   .   (no helmet)
rElec    .         Reflect  .   (no cloak)
rCorr    .         Harm     .   (no gloves)
MR       .....                  (no boots)
Stlth    ++++......             (no amulet)
HPRegen  0.03/turn              (no ring)
MPRegen  0.09/turn              (no ring)

@: regenerating slowly
A: fangs 3, see invisible, unbreathing
a: no special abilities


You were on level 2 of the Dungeon.
You were thirsty.

You visited 1 branch of the dungeon, and saw 2 of its levels.

You collected 49 gold pieces.

Inventory:

Hand Weapons
 a - a +1 dagger (weapon)
Armour
 b - a +0 robe (worn)
Scrolls
 e - 2 scrolls of remove curse {unknown}
 i - a scroll of fear {unknown}
 j - 2 scrolls of identify {unknown}
 l - a scroll of noise {unknown}
 m - a scroll of recharging {unknown}
Potions
 d - 4 potions of blood
 f - 2 potions of curing {unknown}
 g - 2 potions of degeneration {unknown}
 h - 2 potions of agility {unknown}
 k - a potion of heal wounds {unknown}
Books
 c - a book of Maledictions

   Spells                             Type                      Level
   a - Corona                         Hexes                        1
   b - Ensorcelled Hibernation        Hexes/Ice                    2
   c - Confuse                        Hexes                        3
   d - Tukima's Dance                 Hexes                        3
   e - Dazzling Spray                 Conjuration/Hexes            3


   Skills:
 + Level 1.2 Short Blades
 + Level 2.3 Dodging
 + Level 4.9 Stealth
 + Level 2.0 Spellcasting
 + Level 5.1 Hexes
 + Level 0.2 Ice Magic


You had 2 spell levels left.
You knew the following spells:

 Your Spells              Type           Power        Failure   Level  Hunger
a - Ensorcelled Hibernat  Hex/Ice        ##....       10%         2    ###....
b - Corona                Hex            ###....      2%          1    #......


Dungeon Overview and Level Annotations

Branches:
Dungeon (2/15)

Altars:


Innate Abilities, Weirdness & Mutations

You heal slowly.
You have razor-sharp teeth.
You have supernaturally acute eyesight. (SInv)
You can survive without breathing.


Message History

The hobgoblin hits you with a club.
You hit the hobgoblin but do no damage.
The hobgoblin is lightly wounded.
The bat closely misses you.
The hobgoblin hits you but does no damage.
You hit the hobgoblin but do no damage.
The hobgoblin is lightly wounded.
The bat hits you but does no damage. x2; The hobgoblin barely misses you.
You closely miss the hobgoblin.
The hobgoblin is lightly wounded.
The bat misses you. The bat closely misses you.
You hit the hobgoblin.
The hobgoblin is heavily wounded.
The bat hits you but does no damage. x2; The hobgoblin closely misses you.
You hit the hobgoblin but do no damage.
The hobgoblin is heavily wounded.
The bat hits you.
* * * LOW HITPOINT WARNING * * *
The bat closely misses you. The hobgoblin hits you with a club.
You die...

### ... #.
#...# .... ..
.... #..?.
####.# ...
#....
#.....##.
#...#
#.....#..#....
#.....#.#gb#
####...†.@#..
#.......###.#
#.##....###.#
#(.[.....#..#
..##.#$..#.###
. #.#.....<.#
# #.......#
##.#.......#
............#


You could see a hobgoblin and a bat.

Vanquished Creatures
  A bat (D:1)
  5 giant cockroaches
  A goblin (D:1)
  4 hobgoblins (D:1)
  A ball python (D:1)
  3 kobolds
  3 rats (D:1)
18 creatures vanquished.

Notes
Turn   | Place    | Note
-------+----------+-------------------------------------------
     0 | D:1      | lauthentik the Vampire Enchanter began the quest for the Orb.
     0 | D:1      | Reached XP level 1. HP: 13/13 MP: 3/3
   418 | D:1      | Reached XP level 2. HP: 15/19 MP: 3/5
   422 | D:1      | Learned a level 2 spell: Ensorcelled Hibernation
   469 | D:1      | Reached skill level 5 in Hexes
   987 | D:2      | Slain by a hobgoblin

Vault maps used:
D:1:      sevenhm_arrival_forest_fort_small_4

Skill      XL: |  1  2 |
---------------+-------+-----
Hexes          | 5 |  5.1
Short Blades   | |  1.2
Dodging        | |  2.3
Stealth        | |  4.9
Spellcasting   | |  2.0
Ice Magic      | |  0.2

Action                   || total
-------------------------++-------
Melee: Dagger            ||    59
       Bite              ||     7
 Cast: Corona            ||     7
       Ensorcelled Hiber ||     4
 Stab: Sleeping          ||     9
Armor: Robe              ||    13
Dodge: Dodged            ||    42

Table legend:
 A = Spawn XP
 B = Non-spawn XP
 C = Spawn XP percentage of total XP
 D = Spawn monster count
 E = Non-spawn monster count
 F = Spawn count percentage of total count
 G = Total turns spent on level
                    A         B        C        D         E        F      G
               +---------+---------+-------+---------+---------+-------+---------
         Total |       0 |      30 |   0.0 |       0 |      18 |   0.0 |   987
               +---------+---------+-------+---------+---------+-------+---------
           D:1 |       0 |      27 |   0.0 |       0 |      16 |   0.0 |   957
           D:2 |       0 |       3 |   0.0 |       0 |       2 |   0.0 |    30
               +---------+---------+-------+---------+---------+-------+---------
